[Event "*** SCC Grand Prix: Titled Tuesday Blitz"]
[Site "Chess.com"]
[Date "2020.09.29"]
[Round "5"]
[White "Ladislav1969"]
[Black "annacramling"]
[Result "1-0"]
[WhiteElo "2360"]
[BlackElo "2033"]
[TimeControl "180+1"]
[EndTime "10:55:50 PDT"]
[Termination "Ladislav1969 won by resignation"]

1. e4 c5 2. d4 cxd4 3. c3 Nf6 4. e5 Nd5 5. Nf3 e6 6. cxd4 Nc6 7. Nc3 d6 8. Nxd5 exd5 9. h3 Be7 10. Bd3 O-O 11.
O-O Be6 12. Be3 Qc7 13. Rc1 dxe5 14. dxe5 Rfd8 15. Bb1 Qd7 16. Qd3 g6 17. Bd4 Rac8 18. Qd2 Nxd4 19. Nxd4 Rxc1 20. Rxc1 Rc8 21. f4 Bc5 22. Kh2 Be7 23. b3 Rxc1 24. Qxc1 Qc8 25. Qd2 Bc5 26. f5 Bxd4 27. Qxd4 Bxf5 28. Bxf5 Qxf5 29. Qxd5 Qf4+ 30. Kg1 Qe3+ 31. Kf1 Qc1+ 32. Kf2 Qb2+ 33. Kg3 Qxa2 34. e6 fxe6 35. Qxe6+ Kg7 36.
Qe7+ Kh6 37. Qh4+ Kg7 38. Qe7+ Kh6 39. Qxb7 Qe2 40. Qd5 Qd2 41. Qxd2+ Kg7 42. Qd7+ Kf6 43. Qxa7 Kf5 44. Qb6 Ke5 45. Qb5+ Ke4 46. Qc4+ Ke3 47.
b4 Kd2 48. b5 Kd1 49. b6 Ke1 50. b7 Kd2 51. b8=Q Kd1 52. Qd8+ Ke1 53. Qe4+ 1-0

[Event "*** SCC Grand Prix: Titled Tuesday Blitz"]
[Site "Chess.com"]
[Date "2020.09.29"]
[Round "5"]
[White "manuellarrea"]
[Black "SHIVACalypso"]
[Result "0-1"]
[WhiteElo "2109"]
[BlackElo "2345"]
[TimeControl "180+1"]
[EndTime "10:55:50 PDT"]
[Termination "SHIVACalypso won on time"]

1. e4 e6 2. d4 d5 3. Nc3 Nf6 4. e5 Nfd7 5. f4 c5 6. Nf3 Nc6 7. Be3 Be7 8. Qd2 O-O 9. Be2 b6 10. O-O f5 11. exf6 Nxf6 12. Kh1 Bb7 13. Rad1 a6 14.
Nb1 Qc7 15. c3 Ng4 16. Ne5 Ngxe5 17. fxe5 Rxf1+ 18. Rxf1 Rf8 19. Qe1 cxd4 20. cxd4 Nb4 21. Rxf8+ Bxf8 22. Nc3 Nc2 23. Qf2 Nxe3 24. Qxe3 Bb4 25.
h3 Bxc3 26. Qxc3 Qxc3 27. bxc3 Kf7 28. Kg1 b5 29. Kf2 Ke7 30. Ke3 Kd7 31. h4 Kc7 32.
Bg4 Bc8 33. h5 Kb6 34. Kf4 h6 35. Bd1 b4 36. cxb4 Kb5 37. a3 Kc4 38. Ke3 Kc3 39. g4 Bd7 40. Be2 Bb5 41. Bd1 Bc4 42. Ba4 Bb5 43. Bd1 Kb2 44. a4 Bc4 45. Be2 Kc3 46.
b5 axb5 47. axb5 Kb4 48. b6 Ba6 0-1

[Event "*** SCC Grand Prix: Titled Tuesday Blitz"]
[Site "Chess.com"]
[Date "2020.09.29"]
[Round "5"]
[White "Barys1974"]
[Black "Shuvalov"]
[Result "1-0"]
[WhiteElo "2616"]
[BlackElo "2433"]
[TimeControl "180+1"]
[EndTime "10:55:52 PDT"]
[Termination "Barys1974 won by resignation"]

1. Nf3 d5 2. d4 c5 3. e3 Nf6 4. dxc5 e6 5. c4 Bxc5 6. Nc3 Nc6 7. a3 O-O 8. b4 Be7 9. Bb2 dxc4 10. Bxc4 a6 11. Qe2 b5 12. Bb3 Bb7 13. O-O Qb6 14.
Rac1 Rfd8 15. e4 Ng4 16. Nd5 exd5 17. exd5 Bf6 18. Bxf6 Nxf6 19. dxc6 Bxc6 20. Bxf7+ Kh8 21. Ne5 Bd5 22. Rfd1 Qb7 23. Bxd5 Rxd5 24. Rxd5 Qxd5 25. Rd1 Qb3 26. Qd3 Qxd3 27. Rxd3 Re8 28. f4 g5 29. Nf7+ Kg7 30. Nxg5 Re1+ 31. Kf2 Ra1 32. Ne6+ Kg6 33.
Nc5 Kf5 34. g3 Ne4+ 35. Nxe4 Kxe4 36. Re3+ Kd4 37. Rb3 Kc4 38. Rf3 Kd5 39. f5 Rc1 40.
f6 Rc8 41. g4 Rf8 42. f7 Ke6 43. Ke3 Rxf7 44. Rxf7 Kxf7 45. Kd4 Kf6 46. Kc5 Kg5 47. Kb6 Kxg4 48. Kxa6 Kh3 49. Kxb5 Kxh2 50. a4 h5 51. a5 h4 52. a6 h3 53. a7 Kg1 54. a8=Q h2 55. Qf3 h1=Q 56. Qxh1+ Kxh1 57. Kc5 Kg2 58. b5 Kf3 59. b6 Ke4 60. b7 Ke5 61. b8=Q+ Ke6 62.
Qe8+ 1-0

[Event "*** SCC Grand Prix: Titled Tuesday Blitz"]
[Site "Chess.com"]
[Date "2020.09.29"]
[Round "5"]
[White "Roza_Idrisova"]
[Black "ZarinaShafigullina"]
[Result "1-0"]
[WhiteElo "2140"]
[BlackElo "2332"]
[TimeControl "180+1"]
[EndTime "10:55:52 PDT"]
[Termination "Roza_Idrisova won by resignation"]

1. d4 Nf6 2. Nf3 e6 3. Bg5 c5 4.
c3 Nc6 5. e3 Be7 6. Nbd2 h6 7.
Bh4 cxd4 8. exd4 d5 9. Bd3 O-O 10. O-O Bd6 11. Re1 Bf4 12. Qe2 Re8 13. Ne5 g5 14. Bg3 Bxg3 15. hxg3 Nd7 16. Ndf3 Ndxe5 17. Nxe5 Qf6 18. Bb5 a6 19. Bxc6 bxc6 20. Nxc6 Bd7 21. Ne5 Bb5 22. Qf3 Qxf3 23. Nxf3 a5 24. a4 Ba6 25.
Ne5 Rab8 26. Ra2 Rb7 27. Rb1 Rc8 28. f3 f6 29. Ng4 Kg7 30. Rd1 Bc4 31. Raa1 Rxb2 32.
Re1 Rc6 33. Ne3 Bb3 34. Rec1 Re2 35. Nf1 e5 36. Ra3 Bc4 37. dxe5 fxe5 38. g4 Kf6 39.
Ng3 Rb2 40. Nh5+ Kg6 41. Re1 Re2 42. Rxe2 Bxe2 43. Kf2 Bd3 44. Ke3 e4 45. fxe4 Bxe4 46. Ng3 Bxg2 47. Nf5 Be4 48. Ne7+ Kf7 49. Nxc6 1-0

[Event "*** SCC Grand Prix: Titled Tuesday Blitz"]
[Site "Chess.com"]
[Date "2020.09.29"]
[Round "5"]
[White "Maghalashvili"]
[Black "Shield12"]
[Result "0-1"]
[WhiteElo "2711"]
[BlackElo "2862"]
[TimeControl "180+1"]
[EndTime "10:55:53 PDT"]
[Termination "Shield12 won by resignation"]

1. Nf3 c5 2. c4 Nc6 3. g3 g6 4. Bg2 Bg7 5. Nc3 Nf6 6. O-O d5 7. cxd5 Nxd5 8. d3 O-O 9. Nxd5 Qxd5 10. Be3 Bd7 11. Nd4 Qd6 12. Nxc6 Bxc6 13. Bxc6 Qxc6 14.
Rc1 Qe6 15. Rxc5 Qxa2 16. Rb5 b6 17. Qa1 Qe6 18. Rc1 Qg4 19. Rc2 h5 20. Qa3 Qd7 21.
Rb4 b5 22. Qa6 Rfb8 23. Rc5 Rb6 24. Qa5 Rab8 25. Rc2 R6b7 26. Qa6 e6 27. Bf4 e5 28.
Be3 Bf8 29. Re4 Qd5 30. Qc6 Rd8 31. Qxd5 Rxd5 32. d4 Bg7 33. dxe5 Bxe5 34. Bf4 Bf6 35. Re8+ Kg7 36. Ra8 b4 37. b3 Rd1+ 38. Kg2 Rb1 39.
Rcc8 Kh7 40. Rc7 Rxc7 41. Bxc7 Rxb3 42. Rxa7 Rb2 43. Rb7 Bc3 44. Kf3 g5 45. h3 Kg6 46.
g4 h4 47. Rb6+ f6 48. Bd8 Bd4 49. Rb7 Rb3+ 50. e3 Bc3 51. Be7 Rb2 52. Bf8 f5 53. Rb6+ Kf7 54. Bc5 fxg4+ 55. hxg4 b3 56. Ke4 Rb1 57. Bd4 Bxd4 58. Kxd4 h3 59. Rh6 Rc1 60.
Rh7+ Kg6 61. Rxh3 b2 62. f4 b1=Q 63. f5+ Kg7 0-1

[Event "*** SCC Grand Prix: Titled Tuesday Blitz"]
[Site "Chess.com"]
[Date "2020.09.29"]
[Round "5"]
[White "Rakesh"]
[Black "Gusarov91"]
[Result "1-0"]
[WhiteElo "2433"]
[BlackElo "2579"]
[TimeControl "180+1"]
[EndTime "10:55:53 PDT"]
[Termination "Rakesh won by resignation"]

1. e4 c5 2. c3 d5 3. exd5 Qxd5 4. d4 Nf6 5. Nf3 Bg4 6. dxc5 Qxd1+ 7. Kxd1 e5 8. b4 Nc6 9. h3 O-O-O+ 10. Kc2 Bf5+ 11. Kb2 Ne4 12. Be3 f6 13. Bc4 a5 14. a3 Be7 15. Nbd2 Nxd2 16. Nxd2 e4 17. Rhd1 Ne5 18. Bd4 Nd3+ 19. Bxd3 exd3 20. Re1 Rhe8 21. g4 Bg6 22. f4 Bf8 23. f5 Bf7 24. Nb3 a4 25. Nd2 Re2 26.
Rxe2 dxe2 27. Re1 Re8 28. Kc2 Kc7 29. Kd3 Kc6 30. Rxe2 Rd8 31. Nc4 Kb5 32. Nd2 g6 33. c4+ Kc6 34. Kc3 gxf5 35. gxf5 Bh6 36. b5+ Kc7 37.
Ne4 Re8 38. Bxf6 Bh5 39. Re1 Bf3 40. Kd4 Rf8 41. Be5+ Kd8 42. Nd6 Bd2 43. Rf1 Bg2 44. Rf2 Bc1 45. Rxg2 Bxa3 46. Nxb7+ Kc8 47. Nd6+ Kd8 48.
Rg7 Bb2+ 49. Kd5 Bxe5 50. Kxe5 a3 51. Ke6 Rf6+ 52. Kxf6 a2 53. Ke6 1-0

[Event "*** SCC Grand Prix: Titled Tuesday Blitz"]
[Site "Chess.com"]
[Date "2020.09.29"]
[Round "5"]
[White "PauloCesarCosta_sad"]
[Black "stolencandy13"]
[Result "0-1"]
[WhiteElo "2306"]
[BlackElo "2467"]
[TimeControl "180+1"]
[EndTime "10:55:53 PDT"]
[Termination "stolencandy13 won by checkmate"]

1. Nf3 d5 2. d4 Nf6 3. c4 c6 4. e3 e6 5. Nbd2 Nbd7 6. Bd3 Be7 7. O-O O-O 8. e4 dxe4 9. Nxe4 Nxe4 10. Bxe4 Nf6 11.
Bc2 b6 12. Qd3 Bb7 13. Bg5 g6 14. Ne5 c5 15. dxc5 Qxd3 16. Bxd3 bxc5 17. Ng4 Nd5 18. cxd5 Bxg5 19. dxe6 fxe6 20. Bc4 Bd5 21. Bb3 c4 22.
Bc2 Rab8 23. b3 Kg7 24. Ne3 Bxe3 25. fxe3 Rxf1+ 26. Kxf1 Rf8+ 27. Kg1 c3 28. Rf1 Rc8 29. e4 Bc6 30. Kf2 Kf6 31. Ke3+ Ke7 32. Kd4 Bb5 33.
Rf2 Rc7 34. a4 Ba6 35. Rf3 Rd7+ 36. Ke3 Bb7 37. Ke2 Rc7 38. Rd3 Ba6 39. Ke3 Bxd3 40. Kxd3 e5 41. b4 Kd6 42. b5 g5 43. g4 h6 44. h3 Kc5 45. Kxc3 Rf7 46. Bd3 Rf3 47.
Kd2 Rxh3 48. Be2 Ra3 49. Bd1 Kd4 50. Ke1 Ra2 51. Bb3 Rb2 52. Bd1 Kxe4 53. a5 Rxb5 54.
a6 Rb2 55. Bc2+ Rxc2 56. Kd1 Ra2 57. Ke1 Kd3 58. Kd1 Ra1# 0-1

[Event "*** SCC Grand Prix: Titled Tuesday Blitz"]
[Site "Chess.com"]
[Date "2020.09.29"]
[Round "5"]
[White "theblitzchamp"]
[Black "Chuchofrio1"]
[Result "1-0"]
[WhiteElo "2627"]
[BlackElo "2398"]
[TimeControl "180+1"]
[EndTime "10:55:54 PDT"]
[Termination "theblitzchamp won on time"]

1. e4 c5 2. Nf3 e6 3. d4 cxd4 4. Nxd4 Nf6 5. Nc3 Nc6 6. Be2 d6 7. Be3 Be7 8. f4 O-O 9. Bf3 e5 10. fxe5 dxe5 11. Nf5 Bxf5 12. exf5 Qa5 13. O-O Bc5 14.
Qe1 Nd4 15. Bd1 Ng4 16. Bxg4 Nxc2 17. Bxc5 Nxe1 18. Bxf8 Nc2 19. Be7 Nxa1 20. Rxa1 Qb6+ 21. Kh1 Qxb2 22. Rb1 Qxc3 23. f6 Qc2 24. Rd1 gxf6 25. h3 f5 26. Bh5 e4 27. Bg5 Kg7 28. Rd6 Qxa2 29. Bf6+ Kg8 30. Bd4 f4 31. Rf6 e3 32.
Rxf4 e2 33. Rg4+ Kf8 34. Bg7+ Ke7 35. Re4+ Kd6 36. Rxe2 Qb1+ 37. Kh2 Rc8 38. Rd2+ Kc7 39. Be5+ Kb6 40. Bf3 Rc2 41. Rd7 Qa2 42. Rxb7+ Ka6 43. Rb8 Rc5 44. Bd4 Rc7 45. Be5 Re7 46. Bg3 Ka5 47. Bh4 Rd7 48. Be1+ 1-0

[Event "*** SCC Grand Prix: Titled Tuesday Blitz"]
[Site "Chess.com"]
[Date "2020.09.29"]
[Round "5"]
[White "tteshan"]
[Black "karinachess1"]
[Result "1-0"]
[WhiteElo "2375"]
[BlackElo "2497"]
[TimeControl "180+1"]
[EndTime "10:55:55 PDT"]
[Termination "tteshan won by resignation"]

1. e4 c5 2. Nf3 e6 3. d4 cxd4 4. Nxd4 a6 5. c4 Nf6 6. Nc3 Bb4 7. Qd3 Qc7 8. f3 Nc6 9. Nxc6 dxc6 10. Be3 O-O 11. Be2 e5 12. O-O Rd8 13. Qc2 Bxc3 14.
Qxc3 h6 15. Rfd1 Be6 16. Bf2 Nh5 17. Qb3 c5 18. a4 Nf4 19. Bf1 Qe7 20. Qb6 Rdc8 21.
Rd6 Qc7 22. Rad1 Qxb6 23. Rxb6 Rc7 24. g3 Ng6 25. Be3 Ne7 26. f4 Bg4 27. Rd2 f6 28. a5 Kf8 29. Bd3 Rd8 30. Bc2 Rxd2 31. Bxd2 Nc8 32.
Rb3 Nd6 33. Bd3 Be6 34. Rc3 Rd7 35. Kf2 Nxe4+ 36. Bxe4 Rxd2+ 37. Ke3 Rxb2 38. fxe5 fxe5 39. Rd3 Ke7 40. Bd5 Rb4 41. Ke4 Bxd5+ 42. Kxd5 e4 43. Re3 Kf6 44. Kxc5 Ra4 45. Rxe4 Rxa5+ 46. Kb6 Ra1 47.
Kxb7 a5 48. c5 Rb1+ 49. Ka6 Rc1 50. Kb6 Kf5 51. Rf4+ Ke5 52. c6 Kd6 53. Rd4+ Ke7 54. Rd2 a4 55. c7 a3 56. Kb7 Rb1+ 57. Kc8 Rb2 58. Rd7+ Ke6 59. Kd8 Rc2 60. c8=Q Rxc8+ 61. Kxc8 a2 62. Ra7 Kf5 63. Rxa2 g5 64. Kd7 h5 65. Kd6 Kg4 66. Ke5 h4 67. gxh4 gxh4 68. Ke4 Kh3 69. Re2 Kg4 70. Ke3 Kh3 71. Rd2 Kg4 72.
Kf2 Kh3 73. Kg1 Kg4 74. Kg2 1-0

[Event "*** SCC Grand Prix: Titled Tuesday Blitz"]
[Site "Chess.com"]
[Date "2020.09.29"]
[Round "5"]
[White "norwaytoadog"]
[Black "Djager97"]
[Result "1-0"]
[WhiteElo "2340"]
[BlackElo "2468"]
[TimeControl "180+1"]
[EndTime "10:55:55 PDT"]
[Termination "norwaytoadog won on time"]

1. e4 e5 2. Nf3 Nc6 3. Bb5 a6 4.
Ba4 Nf6 5. O-O Be7 6. Re1 b5 7. Bb3 d6 8. c3 O-O 9. h3 Nb8 10. d4 Nbd7 11. Nbd2 Bb7 12. Bc2 Re8 13. Nf1 Rf8 14. Ng3 Re8 15. a4 Bf8 16. Bd3 exd4 17.
cxd4 b4 18. a5 c5 19. b3 g6 20. Bb2 Bg7 21. e5 dxe5 22. dxe5 Nd5 23. Bc4 Nf8 24. Ne4 Nc3 25. Nxc3 bxc3 26. Bxc3 Qxd1 27. Raxd1 Bxf3 28. gxf3 Ne6 29. Rd7 Ng5 30. Kg2 Ne6 31. Red1 Nf4+ 32. Kg3 Ne6 33. R1d6 Rad8 34. Rxd8 Nxd8 35. f4 Ne6 36. Rxa6 g5 37. Bxe6 fxe6 38. Ra7 gxf4+ 39. Kxf4 Rf8+ 40. Ke3 Bh6+ 41. Ke2 Rb8 42. Rc7 Rxb3 43.
Rxc5 Ra3 44. Kd3 Kf7 45. Kc4 Kg6 46. Bb4 Ra1 47. Kb5 Bf8 48. Rc4 1-0

[Event "*** SCC Grand Prix: Titled Tuesday Blitz"]
[Site "Chess.com"]
[Date "2020.09.29"]
[Round "5"]
[White "alexgo05"]
[Black "A-S-00"]
[Result "1/2-1/2"]
[WhiteElo "2414"]
[BlackElo "2251"]
[TimeControl "180+1"]
[EndTime "10:55:55 PDT"]
[Termination "Game drawn by repetition"]

1. e4 c5 2. Nf3 Nc6 3. d4 cxd4 4.
Nxd4 Nf6 5. Nc3 e6 6. Ndb5 Bb4 7.
Bf4 e5 8. Bg5 d6 9. a3 Bxc3+ 10. Nxc3 h6 11. Bxf6 Qxf6 12. Nd5 Qd8 13. Bc4 O-O 14. O-O Be6 15. Qd2 a6 16. Rad1 b5 17. Ba2 Rc8 18. c3 Na5 19. b4 Nc4 20.
Bxc4 Rxc4 21. Ne3 Rc6 22. Nd5 Bxd5 23. exd5 Rc4 24. Rfe1 Qc7 25. Re3 f5 26. f3 Rc8 27.
Rc1 a5 28. Rb1 axb4 29. cxb4 Rc2 30. Qd3 Rc1+ 31. Rxc1 Qxc1+ 32. Kf2 Qc2+ 33. Qxc2 Rxc2+ 34. Re2 Rc3 35. Ra2 Rd3 36. a4 bxa4 37. Rxa4 Rxd5 38. Ra8+ Kf7 39. Rb8 Rd2+ 40. Kf1 d5 41. b5 Rb2 42.
b6 d4 43. b7 e4 44. fxe4 fxe4 45. Ke1 Kg6 46. Re8 Rxb7 47. Rxe4 Rb2 48. Kf1 Rd2 49. Rg4+ Kf6 50. Ke1 Rd3 51. Ke2 Re3+ 52. Kf2 Rd3 53. Ke2 Re3+ 54. Kf2 Rd3 55. Ke2 1/2-1/2

[Event "*** SCC Grand Prix: Titled Tuesday Blitz"]
[Site "Chess.com"]
[Date "2020.09.29"]
[Round "5"]
[White "BAS8892"]
[Black "Jospem"]
[Result "0-1"]
[WhiteElo "2669"]
[BlackElo "2962"]
[TimeControl "180+1"]
[EndTime "10:55:56 PDT"]
[Termination "Jospem won by resignation"]

1. d4 Nf6 2. Bf4 e6 3. e3 b6 4. Nf3 Bb7 5. Nbd2 Be7 6. h3 O-O 7. Bd3 c5 8. c3 cxd4 9. exd4 d6 10. O-O Nbd7 11. Re1 a6 12. a4 h6 13. Nc4 Qc7 14.
Bg3 Bc6 15. Qe2 Rfe8 16. b4 Bf8 17. Reb1 a5 18. b5 Bb7 19. Re1 Rac8 20. Rac1 Qb8 21. Qa2 Bd5 22. Nfd2 Qa8 23. Bf1 e5 24. Qb2 Re6 25.
Ne3 Bb7 26. Nf5 g6 27. Ne3 h5 28. Nec4 Rce8 29. Ne3 Bh6 30. Bc4 d5 31. Bf1 Kh7 32.
Nf3 e4 33. Ne5 Nxe5 34. Bxe5 Nd7 35. Bg3 f5 36. Bh2 f4 37. Nc2 g5 38. c4 g4 39.
Rcd1 Rg8 40. g3 f3 41. Ne3 Nf6 42. cxd5 Bxd5 43. Nxd5 Qxd5 44. Qc2 Re7 45. Bc4 Rc8 46. Rc1 Qd6 47. d5 Bxc1 48. Rxc1 Rec7 49. hxg4 Rxc4 50. Qxc4 Rxc4 51. Rxc4 Qxd5 0-1

[Event "*** SCC Grand Prix: Titled Tuesday Blitz"]
[Site "Chess.com"]
[Date "2020.09.29"]
[Round "5"]
[White "kosya4ok"]
[Black "AvitalBor"]
[Result "1/2-1/2"]
[WhiteElo "2595"]
[BlackElo "2775"]
[TimeControl "180+1"]
[EndTime "10:55:57 PDT"]
[Termination "Game drawn - insufficient material"]

1. d4 Nf6 2. c4 e6 3. Nf3 d5 4.
Nc3 Bb4 5. Qb3 c5 6. dxc5 Nc6 7.
e3 O-O 8. Be2 Ne4 9. O-O Nxc3 10. bxc3 Bxc5 11. Rd1 dxc4 12. Qxc4 Qe7 13. e4 b6 14. e5 Bb7 15. Qg4 f5 16. exf6 Qxf6 17. Bg5 Ne5 18. Bxf6 Bxf2+ 19. Kxf2 Nxg4+ 20. Kg1 Nxf6 21. Rd6 Rac8 22. Rxe6 Rxc3 23. Rd1 Bd5 24. Rd6 Bxa2 25. Ra1 Bc4 26. Bxc4+ Rxc4 27. h3 Rc7 28. Nd4 Rfc8 29. Kh2 Re8 30. Nb5 Rd7 31. Rxd7 Nxd7 32. Rxa7 Nc5 33.
Nd6 Rb8 34. Nf5 g6 35. Ne7+ Kf8 36. Nd5 b5 37. Rxh7 Rb7 38. Rxb7 Nxb7 39. Kg3 Kf7 40.
Kf4 Nd6 41. Ke5 Nf5 42. g4 Ng3 43.
h4 Ne2 44. h5 gxh5 45. gxh5 Kg7 46. Nb4 Kh6 47. Kd5 Nc3+ 48. Kc5 Kxh5 49. Nc6 Kg4 50. Nd4 b4 51. Nb5 Na2 52. Kc4 Kf4 53. Nd4 Ke4 54. Nc2 b3 55. Kxb3 1/2-1/2

[Event "*** SCC Grand Prix: Titled Tuesday Blitz"]
[Site "Chess.com"]
[Date "2020.09.29"]
[Round "5"]
[White "ViditYT"]
[Black "Guenplen"]
[Result "0-1"]
[WhiteElo "2719"]
[BlackElo "2880"]
[TimeControl "180+1"]
[EndTime "10:55:58 PDT"]
[Termination "Guenplen won by resignation"]

1. Nf3 d5 2. g3 c6 3. Bg2 Bg4 4. O-O Nd7 5. h3 Bh5 6. d3 e6 7.
Qe1 Bd6 8. e4 Ne7 9. Nc3 O-O 10.
Nh4 Ng6 11. Nxg6 Bxg6 12. f4 Re8 13. Be3 f6 14. Qf2 dxe4 15. dxe4 e5 16. Rad1 Qe7 17. Kh1 Red8 18. Rd2 Bc7 19. Rfd1 Nb6 20. Bc5 Rxd2 21. Rxd2 Qe8 22. b3 Rd8 23. a4 Nc8 24. Be3 Rxd2 25.
Qxd2 exf4 26. gxf4 Bf7 27. Qd3 a6 28. Ne2 Ne7 29.
f5 Nc8 30. Kg1 h6 31. Kf1 Nb6 32. Nf4 Nd7 33. Qd2 Ne5 34. Nd3 Kh7 35. Nxe5 Qxe5 36.
Qd7 Bh5 37. Qd2 b5 38. axb5 cxb5 39. Qd4 Qe7 40. Kf2 Be5 41. Qb6 Qa3 42. Bf3 Bxf3 43. Kxf3 Qa1 44. Ke2 Qh1 45. Qc6 Qxh3 46. c4 Qg2+ 47.
Kd3 Qf1+ 48. Kd2 b4 49. c5 Bc3+ 50. Kc2 Qe2+ 0-1

[Event "*** SCC Grand Prix: Titled Tuesday Blitz"]
[Site "Chess.com"]
[Date "2020.09.29"]
[Round "5"]
[White "M1711"]
[Black "Meri-Arabidze"]
[Result "1-0"]
[WhiteElo "2488"]
[BlackElo "2700"]
[TimeControl "180+1"]
[EndTime "10:55:58 PDT"]
[Termination "M1711 won on time"]

1. e4 c5 2. Nf3 e6 3. d4 cxd4 4. Bg5 Ne7 5. c3 dxc3 6. Nxc3 a6 7. Bc4 h6 8. Bh4 b5 9. Bb3 Qb6 10. Qe2 Ng6 11. Bg3 Bb4 12. Rc1 O-O 13. O-O Bb7 14.
Rfd1 Bc6 15. h4 Qb7 16. Nd5 Bxd5 17. exd5 a5 18. h5 Ne7 19. Rc7 Qb6 20. dxe6 dxe6 21.
a3 Nf5 22. Be5 Bd6 23. Rcc1 a4 24. Bc2 Bxe5 25. Nxe5 Nd4 26. Qe4 Nxc2 27. Qxa8 Nd4 28. Qe4 Nb3 29. Rc3 Na6 30. Rc6 Qa5 31. Nd7 Re8 32.
Qg4 Kh8 33. Rcd6 Nac5 34. Ne5 Rf8 35. Rd8 Kg8 36. Rxf8+ Kxf8 37. Qf3 Qa7 38. Rd7 Qxd7 39. Nxd7+ Nxd7 40. Qb7 Ndc5 41. Qxb5 Ke7 42. Qb4 e5 43. Qg4 Kf8 44. Qc8+ Ke7 45. Qc7+ Ke6 46. g3 Kf6 47. Qd8+ Ke6 48. Kg2 f6 49. Qg8+ Kf5 50. Qxg7 1-0

[Event "*** SCC Grand Prix: Titled Tuesday Blitz"]
[Site "Chess.com"]
[Date "2020.09.29"]
[Round "5"]
[White "Caterpiller35"]
[Black "ExcitingTrap"]
[Result "1/2-1/2"]
[WhiteElo "2492"]
[BlackElo "2290"]
[TimeControl "180+1"]
[EndTime "10:56:00 PDT"]
[Termination "Game drawn by repetition"]

1. d4 Nf6 2. Bg5 d5 3. e3 g6 4. Bxf6 exf6 5. c4 dxc4 6. Bxc4 Bg7 7. Nc3 O-O 8. h4 h5 9. Nge2 f5 10. Nf4 Nd7 11. Nxg6 Re8 12. Qxh5 Nf6 13. Bxf7+ Kxf7 14. Ne5+ Kg8 15. Qf7+ Kh8 16. h5 Ng4 17. h6 Bxe5 18. dxe5 Qe7 19. Qxe7 Rxe7 20. f4 Nxe3 21. Kf2 Ng4+ 22.
Kg3 Be6 23. Rad1 Rg8 24. Kf3 Rh7 25. Nd5 c6 26. Nc3 Rxh6 27. Rxh6+ Nxh6 28. Rd6 Re8 29. b3 Nf7 30. Rd1 b5 31. Ne2 Bd5+ 32. Kf2 Rg8 33. g3 Nh6 34. Nd4 Ng4+ 35. Ke2 Rf8 36. Rc1 Kg7 37. a4 b4 38. Rc5 Kg6 39. Nxc6 Bxc6 40. Rxc6+ Kg7 41. Rc7+ Rf7 42. Rc4 Rb7 43. Kf3 Kf7 44. a5 Ke7 45. a6 Rd7 46. Rxb4 Ke6 47. Rb7 Nh2+ 48. Kg2 Ng4 49. Kf3 Nh2+ 50. Kg2 Ng4 51.
Kf3 1/2-1/2

[Event "*** SCC Grand Prix: Titled Tuesday Blitz"]
[Site "Chess.com"]
[Date "2020.09.29"]
[Round "5"]
[White "UCantHandleDenker"]
[Black "Harsha_Bharathakoti"]
[Result "0-1"]
[WhiteElo "2573"]
[BlackElo "2756"]
[TimeControl "180+1"]
[EndTime "10:56:03 PDT"]
[Termination "Harsha_Bharathakoti won on time"]

1. Nf3 Nf6 2. g3 d5 3. Bg2 e6 4. O-O Be7 5. d3 O-O 6. Nbd2 c5 7. e4 Nc6 8. Re1 Qc7 9. Qe2 b5 10. e5 Nd7 11. Nf1 Bb7 12. h4 Rfc8 13. h5 Nd4 14. Nxd4 cxd4 15. Bf4 Qxc2 16. Nd2 Bf8 17.
Bf1 Qxb2 18. Rab1 Qa3 19. Rxb5 Ba6 20. Rbb1 Rc3 21. Qg4 Bxd3 22. Bxd3 Rxd3 23. Bh6 Kh8 24. Rb7 Qe7 25. Bg5 Nxe5 26. Bxe7 Nxg4 27. Bxf8 Rxf8 28. Nf1 Ra3 29. Rc1 h6 30. Rcc7 Rxa2 31. Rxa7 Rxa7 32. Rxa7 Nf6 33. Nd2 Nxh5 34. Nf3 d3 35. Ra3 Nf6 36. Rxd3 Ne4 37. Ra3 f6 38. Ra7 e5 39. Nh4 Kh7 40. Nf5 Rg8 41. Rd7 d4 42. Kg2 Nc5 43. Rc7 Ne6 44.
Re7 Ng5 45. Rd7 Kg6 46. Ne7+ Kf7 47. Nxg8+ Kxg8 48. f4 Nf7 49. fxe5 fxe5 50. Kf3 Ng5+ 51. Kg4 g6 52. Rd6 Kf7 53. Rd7+ Kf6 54. Rd6+ Ne6 55. Kf3 Ke7 56. Ra6 Ng5+ 57. Kg4 Kf7 58. Ra7+ Kf6 59.
Ra6+ Ne6 60. Ra7 h5+ 61. Kf3 Ng5+ 62. Ke2 e4 63. Kd2 Kf5 64. Ra6 Nf3+ 65. Ke2 Ne5 66. Kf2 g5 67. Ra5 h4 68. gxh4 gxh4 69. Kg2 Kf4 70.
Kh3 d3 71. Kxh4 d2 72. Ra1 Nd3 73. Kh3 Nc1 0-1

[Event "*** SCC Grand Prix: Titled Tuesday Blitz"]
[Site "Chess.com"]
[Date "2020.09.29"]
[Round "5"]
[White "Beltraxtor"]
[Black "kobemagic"]
[Result "1-0"]
[WhiteElo "2591"]
[BlackElo "2419"]
[TimeControl "180+1"]
[EndTime "10:56:03 PDT"]
[Termination "Beltraxtor won by resignation"]

1. e4 Nf6 2. e5 Nd5 3. c4 Nb6 4.
b3 d6 5. exd6 exd6 6. Bb2 Nc6 7.
d4 Be7 8. Nf3 Bg4 9. Be2 O-O 10.
h3 Bh5 11. O-O Bf6 12. Nbd2 Re8 13. Re1 d5 14. c5 Nc8 15. Ne5 Bxe2 16. Qxe2 Qe7 17.
Rac1 Bxe5 18. dxe5 f6 19. Qd3 Nxe5 20. Qxd5+ Kh8 21. Bxe5 fxe5 22. Nf3 c6 23. Qxe5 Qxe5 24. Nxe5 Kg8 25. Rcd1 Ne7 26. Rd7 Rad8 27. Red1 Nd5 28. Rxd8 Rxd8 29. Nc4 Re8 30. Nd6 Re7 31. Kf1 a5 32.
Rd4 h6 33. g3 Nb4 34. a4 Nc2 35.
Re4 Rxe4 36. Nxe4 Nd4 37. Nd6 Nxb3 38. Nxb7 Kf7 39. Ke2 Ke7 40. Kd3 Kd7 41. Kc4 Nd2+ 42. Kc3 Ne4+ 43. Kd4 Nxf2 44. h4 Kc7 45. Nxa5 Ng4 46.
Nc4 Nf6 47. Ne3 Nd7 48. Nf5 g5 49. Nxh6 gxh4 50. gxh4 Nf6 51. Nf5 Ng4 52. h5 Nf6 53. h6 Kb7 54. Ke5 Ng4+ 55. Kd6 Nxh6 56. Nxh6 1-0

[Event "*** SCC Grand Prix: Titled Tuesday Blitz"]
[Site "Chess.com"]
[Date "2020.09.29"]
[Round "5"]
[White "PotapovaM"]
[Black "PowerThinking2650"]
[Result "1-0"]
[WhiteElo "2564"]
[BlackElo "2376"]
[TimeControl "180+1"]
[EndTime "10:56:05 PDT"]
[Termination "PotapovaM won on time"]

1. c4 Nf6 2. Nc3 g6 3. d4 Bg7 4.
e4 d6 5. h3 O-O 6. Be3 e5 7. d5 Na6 8. Nf3 Nc5 9. Nd2 a5 10. g4 c6 11. Be2 a4 12. h4 Qa5 13.
Kf1 a3 14. Qc2 axb2 15. Qxb2 Nxg4 16. Bxg4 Bxg4 17. f3 Bd7 18. Kg2 f5 19. Nb3 Qb4 20. Bxc5 dxc5 21. Rac1 Qxc4 22. dxc6 Bxc6 23. Nd5 Qa4 24.
Ne7+ Kh8 25. Nxc6 bxc6 26. Nxc5 Qxa2 27. Rc2 Qxb2 28. Rxb2 fxe4 29. Nxe4 Rfb8 30. Rc2 Rb6 31. h5 gxh5 32. Rxh5 Rf8 33. Ng5 h6 34. Ne4 Kg8 35.
Rh3 Rf5 36. Rg3 Kh7 37. Rd2 Rf7 38. Kh3 Rb3 39. Kg2 Re3 40. Rc2 Bf8 41. Rxc6 Re2+ 42.
Kh3 Bg7 43. Rc3 Re1 44. Kg2 Re2+ 45. Kf1 Rb2 46. Rh3 Ra7 47. Rc1 Raa2 48. Rd1 Kg6 49. Rg3+ Kh7 50. Rh3 Kg6 51. Rg3+ Kh7 52. Kg1 h5 53. Rh3 Kg6 54. Rg3+ Kf7 55. Rh3 1-0

[Event "*** SCC Grand Prix: Titled Tuesday Blitz"]
[Site "Chess.com"]
[Date "2020.09.29"]
[Round "5"]
[White "szachuspl"]
[Black "VMikhalevski"]
[Result "1-0"]
[WhiteElo "2537"]
[BlackElo "2710"]
[TimeControl "180+1"]
[EndTime "10:56:07 PDT"]
[Termination "szachuspl won by resignation"]

1. d4 Nf6 2. c4 g6 3. Nc3 d5 4.
Nf3 Bg7 5. h4 dxc4 6. e4 Bg4 7.
Bxc4 O-O 8. Be3 Nc6 9. Be2 Bxf3 10. Bxf3 e5 11. dxe5 Nxe5 12. Be2 c6 13. O-O Re8 14. Qxd8 Rexd8 15. Rfd1 b6 16. f3 h5 17. Kf2 Kf8 18.
a4 Ke8 19. a5 b5 20. a6 Bf8 21. Rxd8+ Kxd8 22. Rd1+ Ke8 23. Bd4 Nfd7 24. f4 Nc4 25.
Bxc4 bxc4 26. Na4 c5 27. Bc3 Be7 28. g3 Nb6 29. Ra1 Kd7 30. Bd2 Kc6 31. Nc3 Rd8 32.
Ke2 Rd3 33. Be3 Na8 34. Ra4 Nb6 35. Ra5 Bf8 36. e5 Nd5 37. Nxd5 Rxd5 38. Bd2 Kb6 39. Ra4 Rd4 40. Bc3 Rd3 41. Be1 Kb5 42. Ra5+ Kc6 43. Ra4 Kd5 44. Ra5 Be7 45. Rb5 Rb3 46. Rb7 Ke6 47.
Bc3 Rb6 48. Rxb6+ axb6 49. a7 b5 50. a8=Q b4 51. Qc6+ Kf5 52. Be1 Kg4 53. Qf3+ Kf5 54. Qd5 f6 55. e6+ Kg4 56. Qd7 Bf8 57. e7+ f5 58.
exf8=Q c3 59. Qxc5 cxb2 60. Qxb4 Kh3 61. Qxb2 1-0